 Dungeon Crawl Stone Soup version 0.28.0-53-g5a82cb258f (webtiles) character file.

Game seed: 13923227314137752802

532 MisterFreud the Covert (level 7, -3/60 HPs)
             Began as a Gnoll Delver on June 1, 2022.
             Was a Follower of Nemelex Xobeh.
             Slain by a gnoll
             ... wielding a +0 spear
              (7 damage)
             ... on level 4 of the Dungeon.
             The game lasted 00:03:23 (3010 turns).

MisterFreud the Covert (Gnoll Delver)               Turns: 3010, Time: 00:03:24

Health: -3/60      AC:  3    Str: 11    XL:     7   Next: 24%
Magic:  10/10      EV: 13    Int: 11    God:    Nemelex Xobeh [*.....]
Gold:   132        SH:  0    Dex: 14    Spells: 10/10 levels left

rFire   . . .      SeeInvis .   t - +2 short sword (venom)
rCold   . . .      Faith    .   (no shield)
rNeg    . . .      Spirit   .   b - +0 leather armour
rPois   .          Reflect  .   (no helmet)
rElec   .          Harm     .   (no cloak)
rCorr   .          Rampage  .   (no gloves)
Will    .....                   (no boots)
Stlth   ++++......              (no amulet)
HPRegen 0.20/turn               (no ring)
MPRegen 0.12/turn               (no ring)

@: no status effects
A: fangs 1, strong nose, distributed training
a: Renounce Religion, Draw Escape, Draw Destruction, Draw Summoning


You were on level 4 of the Dungeon.
You worshipped Nemelex Xobeh.
Nemelex Xobeh was aware of your devotion.
You visited 1 branch of the dungeon, and saw 6 of its levels.

You collected 132 gold pieces.

Inventory:

Hand Weapons
 n - a +2 vorpal hunting sling
 t - a +2 short sword of venom (weapon)
Missiles
 j - 3 poisoned darts
 q - 4 javelins (quivered)
Armour
 b - a +0 leather armour (worn)
Jewellery
 p - a ring of fire
Wands
 g - a wand of digging (3)
 h - a wand of acid (6)
Scrolls
 a - a scroll of enchant armour {unknown}
 c - 2 scrolls of fog
 d - a scroll of magic mapping
 e - a scroll of fear
 i - a scroll of enchant weapon
 m - 2 scrolls of teleportation
 r - a scroll of identify
 u - a scroll of noise {unknown}
Potions
 f - a potion of haste
 k - a potion of mutation {unknown}
 l - a potion of flight {unknown}
 o - 2 potions of curing
 s - 2 potions of degeneration {unknown}


   Skills:
 + Level 7.0 Fighting
 + Level 5.2 Short Blades
 + Level 2.3 Long Blades
 + Level 2.3 Axes
 + Level 2.3 Maces & Flails
 + Level 2.3 Polearms
 + Level 2.3 Staves
 + Level 2.3 Slings
 + Level 2.3 Bows
 + Level 2.3 Crossbows
 + Level 2.3 Throwing
 + Level 2.3 Armour
 + Level 5.2 Dodging
 + Level 9.9 Stealth
 + Level 2.3 Shields
 + Level 2.3 Unarmed Combat
 + Level 2.3 Spellcasting
 + Level 1.9 Conjurations
 + Level 1.9 Hexes
 + Level 1.9 Summonings
 + Level 1.9 Necromancy
 + Level 1.9 Translocations
 + Level 1.9 Transmutations
 + Level 1.9 Fire Magic
 + Level 1.9 Ice Magic
 + Level 1.9 Air Magic
 + Level 1.9 Earth Magic
 + Level 1.9 Poison Magic
 + Level 2.6 Invocations
 + Level 2.3 Evocations


You had 10 spell levels left.
You didn't know any spells.
Your spell library was empty.

Dungeon Overview and Level Annotations

Branches:
Dungeon (6/15)
 Temple: D:4-7

Altars:
Nemelex Xobeh


Innate Abilities, Weirdness & Mutations

You have very sharp teeth.
Your uncanny sense of smell can sniff out nearby items.
Your experience applies equally to all skills.


Message History

The gnoll barely misses you. The gnoll closely misses you.
You hit the gnoll.
The gnoll is poisoned.
The gnoll is heavily wounded.
The gnoll shaman looks more healthy.
The gnoll closely misses you. The gnoll hits you with a +0 spear.
* * * LOW HITPOINT WARNING * * *
You hit the gnoll.
You kill the gnoll!
Your Fighting skill increases to level 7!
The gnoll shaman mumbles some strange prayers to its god.
The gnoll shaman is healed somewhat.
Aiming: Corrosive Bolt
Press: ? - help, Shift-Dir - straight line, f - gnoll shaman
Aim: a gnoll shaman, wielding a +0 whip and wearing a +0 leather armour (heavily wounded, 75% to hit)
The bolt of acid misses the gnoll shaman.
The bolt of acid hits the gnoll!!
You kill the gnoll!
Unknown command.
Unknown command.
You hit the gnoll shaman.
The gnoll shaman is poisoned.
The gnoll shaman is almost dead.
The gnoll shaman closely misses you.
You hit the gnoll shaman but do no damage.
The gnoll shaman looks as sick as possible!
The gnoll shaman is almost dead.
The gnoll shaman calls down the wrath of its god upon you.
You resist with some effort.
You kill the gnoll shaman!
The gnoll hits you but does no damage.
You closely miss the gnoll. The gnoll hits you with a +0 spear!
* * * LOW HITPOINT WARNING * * *
You hit the gnoll.
The gnoll is heavily wounded.
The gnoll barely misses you.
You hit the gnoll.
The gnoll is poisoned.
The gnoll is heavily wounded.
The gnoll hits you with a +0 spear!
You die...
Your body glows slightly and disappears.

#....≈≈♣....♣.# #####
#. #P....≈.P..P### #.
####P..♣..♣>##########
#.
#.....##.##.......###.
##.#.###.##.......#...
#.#.###.##....<..#.##
#.......##...........
####.#####.....^.#.##
#@# #...<...#.# #g#
#.......#.. #.#
############# #.#
#.......# #)#
#.#####.#
#.####.###...##
#......g......####
######g##g..).....
#.##.....####


You could see a gnoll (very poisoned).

Vanquished Creatures
  Grinder (D:3)
  A gnoll sergeant (D:4)
  A scorpion (D:4)
  A gnoll shaman (D:4)
  A hound (D:3)
  6 gnolls (D:4)
  3 adders
  3 worms
  A dart slug (D:1)
  3 orcs (D:3)
  2 ball pythons
  3 bats
  7 endoplasms
  2 giant cockroaches
  6 goblins
  5 hobgoblins
  4 jackals
  12 kobolds
  4 quokkas
  4 frilled lizards
  3 rats
73 creatures vanquished.

Notes
Turn   | Place    | Note
-------+----------+-------------------------------------------
     0 | D:5      | Reached skill level 9 in Stealth
     0 | D:5      | MisterFreud the Gnoll Delver began the quest for the Orb.
     0 | D:5      | Reached XP level 1. HP: 23/23 MP: 1/1
    58 | D:4      | Noticed a gnoll sergeant
    60 | D:4      | Reached XP level 2. HP: 29/29 MP: 2/2
    63 | D:4      | Killed a gnoll sergeant
    64 | D:4      | Reached skill level 1 in Long Blades
    64 | D:4      | Reached skill level 1 in Axes
    64 | D:4      | Reached skill level 1 in Maces & Flails
    64 | D:4      | Reached skill level 1 in Polearms
    64 | D:4      | Reached skill level 1 in Staves
    64 | D:4      | Reached skill level 1 in Slings
    64 | D:4      | Reached skill level 1 in Bows
    64 | D:4      | Reached skill level 1 in Crossbows
    64 | D:4      | Reached skill level 1 in Throwing
    64 | D:4      | Reached skill level 1 in Armour
    64 | D:4      | Reached skill level 1 in Shields
    64 | D:4      | Reached skill level 1 in Unarmed Combat
    64 | D:4      | Reached skill level 1 in Spellcasting
    64 | D:4      | Reached skill level 1 in Invocations
    64 | D:4      | Reached skill level 1 in Evocations
    64 | D:4      | Reached XP level 3. HP: 35/35 MP: 2/4
    64 | D:4      | Reached XP level 4. HP: 41/41 MP: 2/5
    78 | D:4      | Reached skill level 1 in Conjurations
    78 | D:4      | Reached skill level 1 in Hexes
    78 | D:4      | Reached skill level 1 in Summonings
    78 | D:4      | Reached skill level 1 in Necromancy
    78 | D:4      | Reached skill level 1 in Translocations
    78 | D:4      | Reached skill level 1 in Transmutations
    78 | D:4      | Reached skill level 1 in Fire Magic
    78 | D:4      | Reached skill level 1 in Ice Magic
    78 | D:4      | Reached skill level 1 in Air Magic
    78 | D:4      | Reached skill level 1 in Earth Magic
    78 | D:4      | Reached skill level 1 in Poison Magic
   126 | D:4      | Noticed a scorpion
   131 | D:4      | Killed a scorpion
   132 | D:4      | Reached XP level 5. HP: 47/47 MP: 5/7
   187 | D:4      | HP: 1/47 [gnoll/+0 spear (5)]
   490 | D:3      | Noticed Grinder
   494 | D:3      | Killed Grinder
   495 | D:3      | Reached skill level 5 in Short Blades
   495 | D:3      | Reached skill level 5 in Dodging
   495 | D:3      | Reached XP level 6. HP: 53/53 MP: 7/9
  2345 | D:3      | Reached XP level 7. HP: 59/59 MP: 10/10
  2654 | D:3      | Found a faded altar of an unknown god.
  2671 | D:3      | Prayed at the altar of an unknown god.
  2671 | D:3      | Became a worshipper of Nemelex Xobeh the Trickster
  2671 | D:3      | Reached * piety under Nemelex Xobeh
  2916 | D:4      | Received a gift from Nemelex Xobeh
  3010 | D:4      | Slain by a gnoll

Illustrated notes

Levels and vault maps discovered:
D:1:      eino_arrival_druids_welcome, layout_basic, minmay_pentomino_v2
D:2:      layout_basic
D:3:      layout_basic, dreamdust_ecumenical_altar_statues, uniq_grinder
D:4:      layout_loops_cross, chequers_temple_overflow_statue_of_worship,
          serial_bayou_pond_a, roderic_malta_cross
D:5:      layout_basic, mainiacjoe_overflow_large_starburst
D:6:      layout_cave_pods

Skill      XL: |  1  2  3  4  5  6  7 |
---------------+----------------------+-----
Stealth        | |  9.9
Long Blades    | 1 2 |  2.3
Axes           | 1 2 |  2.3
Maces & Flails | 1 2 |  2.3
Polearms       | 1 2 |  2.3
Staves         | 1 2 |  2.3
Slings         | 1 2 |  2.3
Bows           | 1 2 |  2.3
Crossbows      | 1 2 |  2.3
Throwing       | 1 2 |  2.3
Armour         | 1 2 |  2.3
Shields        | 1 2 |  2.3
Unarmed Combat | 1 2 |  2.3
Spellcasting   | 1 2 |  2.3
Invocations    | 1 2 |  2.6
Evocations     | 1 2 |  2.3
Conjurations   | 1 |  1.9
Hexes          | 1 |  1.9
Summonings     | 1 |  1.9
Necromancy     | 1 |  1.9
Translocations | 1 |  1.9
Transmutations | 1 |  1.9
Fire Magic     | 1 |  1.9
Ice Magic      | 1 |  1.9
Air Magic      | 1 |  1.9
Earth Magic    | 1 |  1.9
Poison Magic   | 1 |  1.9
Short Blades   | 5 |  5.2
Dodging        | 5 |  5.2
Fighting       | 7 |  7.0

Action                   |  1- 3 |  4- 6 |  7- 9 || total
-------------------------+-------+-------+-------++-------
Melee: Short sword       |     4 |   147 |    49 ||   200
       Bite              |       |    13 |     4 ||    17
       Punch             |       |     3 |       ||     3
Evoke: Wand              |       |       |     1 ||     1
  Use: Scroll            |       |     4 |       ||     4
 Stab: Sleeping          |     2 |    21 |     7 ||    30
Armor: Leather armour    |     1 |    18 |     5 ||    24
Dodge: Dodged            |       |    70 |    37 ||   107
